 Dungeon Crawl Stone Soup version 0.31-a0-233-g139696dc86 (webtiles) character file.

Game seed: 7203224442815201307

5842 Pooter the Grappler (level 10, 0/98 HPs)
             Began as a Troll Fighter on July 8, 2023.
             Was a Priest of Okawaru.
             Succumbed to a water moccasin's poison
             ... on level 8 of the Dungeon.
             The game lasted 00:45:13 (9806 turns).

Pooter the Grappler (Troll Fighter)                 Turns: 9806, Time: 00:45:13

Health: 0/98       AC:  4    Str: 30    XL:     10   Next: 51%
Magic:  13/13      EV: 10    Int:  2    God:    Okawaru [***...]
Gold:   337        SH:  0    Dex: 12    Spells: 9/9 levels left

rFire   . .          .
                       - Unarmed
rCold   . . .        (no shield)
rNeg    + . .        i - +0 robe of the Wonderful God {rElec rC- rN+ Regen+ SInv}
rPois   .            (helmet restricted)
rElec   +            (no cloak)
rCorr   .            (gloves unavailable)
SInv    +            (boots unavailable)
Will    +++..        x - amulet of Camatypt {+Blink Will+ Regen+ Dex+3}
Stlth   +            n - ring of willpower
HPRegen 2.76/turn    I - ring of Qeizuv {Fly rC+ Will+ Int-2}
MPRegen 0.13/turn

%: no passive effects
@: lethally poisoned (0 -> -4), flying
A: large, unfitting armour, claws 3, regeneration 1, shaggy fur 1, tough skin 1
a: Renounce Religion, Evoke Blink, Heroism


You were on level 8 of the Dungeon.
You worshipped Okawaru.
Okawaru was most pleased with you.
You visited 1 branch of the dungeon, and saw 9 of its levels.

You collected 385 gold pieces.
You spent 48 gold pieces at shops.

Inventory:

Hand Weapons
 b - a +0 heavy orcbow
   (You found it on level 3 of the Dungeon)
 c - a +0 heavy broad axe
   (You took it off Maggie on level 6 of the Dungeon)
 p - a +0 sling
   (You found it on level 2 of the Dungeon)
 D - a +0 battleaxe
   (You found it on level 6 of the Dungeon)
 E - a +3 spear
   (You found it on level 6 of the Dungeon)
Missiles
 d - 32 poisoned darts (quivered)
 q - 5 boomerangs
 y - 2 curare-tipped darts
 Q - 45 stones
 Z - 5 large rocks
Armour
 f - +1 acid dragon scales
   (You took it off Maggie on level 6 of the Dungeon)
 i - the +0 robe of the Wonderful God (worn) {rElec rC- rN+ Regen+ SInv}
   (You found it on level 3 of the Dungeon)

   rC:        It makes you vulnerable to cold.
   rElec:     It insulates you from electricity.
   rN:        It protects you from negative energy.
   SInv:      It lets you see invisible.
   Regen:     It increases your rate of health regeneration.
 m - a +0 kite shield
Jewellery
 a - a ring of fire
   (You found it on level 7 of the Dungeon)
 n - a ring of willpower (left claw)
   (You found it on level 3 of the Dungeon)
 x - the amulet of Camatypt (around neck) {+Blink Will+ Regen+ Dex+3}
   (You found it on level 2 of the Dungeon)

   [amulet of regeneration]

   Dex:       It affects your dexterity (+3).
   +Blink:    It lets you blink.
   Regen:     It increases your rate of health regeneration.
   Will:      It increases your willpower.
 C - an amulet of regeneration
   (You found it on level 8 of the Dungeon)
 F - the amulet of the Centipede {rElec Regen+}
   (You found it on level 7 of the Dungeon)

   [amulet of regeneration]

   rElec:     It insulates you from electricity.
   Regen:     It increases your rate of health regeneration.
 G - the ring "Coebeo Huarch" {rElec rPois rF- AC+4}
   (You found it on level 7 of the Dungeon)

   [ring of protection]

   AC:        It affects your AC (+4).
   rF:        It makes you vulnerable to fire.
   rElec:     It insulates you from electricity.
   rPois:     It protects you from poison.
 H - the ring "Hafef" {rC+ Dex+4 Stlth+}
   (You took it off a centaur on level 7 of the Dungeon)

   [ring of protection from cold]

   Dex:       It affects your dexterity (+4).
   rC:        It protects you from cold.
   Stlth:     It makes you more stealthy.
 I - the ring of Qeizuv (right claw) {Fly rC+ Will+ Int-2}
   (You found it on level 7 of the Dungeon)

   [ring of willpower]

   Int:       It affects your intelligence (-2).
   rC:        It protects you from cold.
   Fly:       It grants you flight.
   Will:      It increases your willpower.
Wands
 u - a wand of paralysis (3)
   (You took it off an orc on level 8 of the Dungeon)
Scrolls
 e - 4 scrolls of amnesia
 g - a scroll of noise {!r}
 h - 4 scrolls of enchant armour
 j - a scroll of immolation {!r}
 r - 3 scrolls of vulnerability {!r}
 t - 3 scrolls of teleportation {@r4}
 z - a scroll of fear
 A - a scroll of torment {!r}
Potions
 k - 4 potions of mutation {!q}
 l - a potion of magic {unknown}
 o - a potion of curing {@q1}
 s - 3 potions of resistance
 v - 2 potions of enlightenment {unknown}
 w - 3 potions of degeneration {unknown}
 B - a potion of ambrosia {unknown}
 J - a potion of might
 K - 2 potions of lignification {!q}


   Skills:
 + Level 6.1 Fighting
 * Level 3.3 Ranged Weapons
 + Level 1.4 Throwing
 - Level 2.4 Dodging
 - Level 2.6 Shields
 * Level 9.7 Unarmed Combat
 + Level 6.2 Invocations
 + Level 4.6 Evocations


You had 9 spell levels left.
You didn't know any spells.
Your spell library contained the following spells:

 Spells                   Type           Power      Damage    Failure   Level
 Slow                     Hex            0%         N/A       54%         1
 Confusing Touch          Hex            0%         N/A       89%         3
 Frozen Ramparts          Ice            0%         1d1       89%         3
 Inner Flame              Hex/Fire       0%         N/A       89%         3
 Vampiric Draining        Necr           0%         2d6       89%         3
 Cause Fear               Hex            0%         N/A       100%        4
 Ice Form                 Ice/Tmut       0%         N/A       100%        4
 Yara's Violent Unravell  Hex/Tmut       0%         3d3       100%        5
 Dragon Form              Tmut           0%         N/A       100%        7
 Enfeeble                 Hex            0%         N/A       100%        7
 Summon Ice Beast         Ice/Summ       Unusable   N/A       N/A         4
 Dragon's Call            Summ           Unusable   N/A       N/A         9

Dungeon Overview and Level Annotations

Branches:
Dungeon (9/15) Zot: 26704  Temple (0/1) D:5
   Lair: D:8-11         Orc: D:9-12

Altars:
Elyvilon
Fedhas
Gozag
Kikubaaqudgha
Makhleb
Nemelex Xobeh
Okawaru
Xom

Shops:
D:7 ?

Annotations:
D:6 1 runed translucent door, osoart's ghost, novice SpVM
D:7 2 runed translucent doors


Innate Abilities, Weirdness & Mutations

You are too large for most types of armour.
You have claws for hands.
Your natural rate of healing is unusually fast.
You are covered in fur. (AC +1)
You have tough skin. (AC +1)


Message History

The water moccasin poisons you! The komodo dragon bites you!
The black bear bites you. The black bear claws you.
The black bear barely misses you.
There is a stone staircase leading up, spattered with blood here.
You feel very sick. The water moccasin bites you.
The komodo dragon bites you but does no damage.
The water moccasin barely misses you. The black bear bites you.
The black bear misses you. The black bear closely misses you.
You fly upwards.
You feel very sick.
There is a stone staircase leading down, spattered with blood here.
You claw the water moccasin! You claw the water moccasin.
You feel sick. The water moccasin barely misses you.
The komodo dragon misses you.
You barely miss the water moccasin. Your claw misses the water moccasin.
You feel sick. The black bear barely misses you.
The black bear claws you but does no damage.
The black bear barely misses you. The water moccasin closely misses you.
You closely miss the water moccasin.
You feel sick. The komodo dragon bites you!!
* * * LOW HITPOINT WARNING * * *
The black bear barely misses you. The black bear claws you.
* * * LOW HITPOINT WARNING * * *
The black bear barely misses you. The water moccasin bites you.
* * * LOW HITPOINT WARNING * * *
Unknown command.
You claw the water moccasin!
You feel sick. The water moccasin bites you.
* * * LOW HITPOINT WARNING * * *
You are more poisoned.
The water moccasin poisons you! The komodo dragon bites you!
* * * LOW HITPOINT WARNING * * *
The black bear bites you.
* * * LOW HITPOINT WARNING * * *
The black bear closely misses you.
The black bear claws you but does no damage.
You miss the water moccasin.
You feel sick. The water moccasin bites you.
* * * LOW HITPOINT WARNING * * *
You are lethally poisoned!
The water moccasin poisons you! The komodo dragon barely misses you.
You closely miss the water moccasin. Your claw misses the water moccasin.
You feel like a meek peon again.
* * * LOW HITPOINT WARNING * * *
You feel very sick. The black bear closely misses you.
The black bear barely misses you.
The black bear claws you but does no damage.
The water moccasin bites you but does no damage.
You claw the water moccasin!
You kill the water moccasin!
Okawaru accepts your kill.
You die...

#.......##........##.._.
#.#.###.##.......##.....
#.#..##.##......##^..^..
#.##.##.##...[<.#.^.####
#.##.##.#######.##.'#.#.
#..........####..###..#.
#.##.##.##)#..)#.....###
#.##.##.##..............
#.##..†@##.#...#.##.....
#.##.##lh.....##.#######
#.......##.#####.#
####.......#####.#
#######.......#
#########


You could see a komodo dragon and a black bear.

Vanquished Creatures
  An ugly thing (D:7)
  A cyclops (D:7)
  A gargoyle (D:7)
  Maggie (D:6)
  An unseen horror (D:7)
  2 trolls
  Grinder (D:4)
  A shadow (D:7)
  A wraith (D:7)
  A steam dragon (D:8)
  6 water moccasins
  4 orc warriors
  A sky beast (D:6)
  An ice beast (D:6)
  7 centaurs
  2 bullfrogs (D:8)
  A kobold brigand (D:7)
  3 scorpions
  3 wights (D:8)
  2 howler monkeys (D:6)
  A lava snake (D:8)
  4 jellies
  3 orc priests
  A gnoll bouda (D:7)
  2 hounds
  4 iguanas
  A sleepcap (D:7)
  Terence (D:3)
  4 orc wizards
  11 gnolls
  8 adders
  A shadow imp (D:7)
  2 white imps
  2 ufetubi
  A worm (D:3)
  4 dart slugs
  22 orcs
  2 bats
  6 endoplasms
  3 giant cockroaches (D:1)
  12 hobgoblins
  4 quokkas
  5 ball pythons
  5 frilled lizards
  7 goblins
  13 kobolds
  13 rats
183 creatures vanquished.

Notes
Turn   | Place    | Note
-------+----------+-------------------------------------------
     0 | D:1      | Pooter the Troll Fighter began the quest for the Orb.
     0 | D:1      | Reached XP level 1. HP: 22/22 MP: 0/0
   252 | D:1      | Reached XP level 2. HP: 29/29 MP: 1/1
   797 | D:2      | Reached skill level 3 in Unarmed Combat
   829 | D:2      | Reached XP level 3. HP: 28/36 MP: 2/2
  1079 | D:2      | Identified the amulet of Camatypt {+Blink Will+ Regen+
                  | Dex+3}
  1733 | D:3      | Noticed Terence
  1740 | D:3      | Reached XP level 4. HP: 45/45 MP: 3/3
  1744 | D:3      | Killed Terence
  2063 | D:3      | Reached skill level 4 in Unarmed Combat
  2078 | D:3      | Found an iron altar of Okawaru.
  2088 | D:3      | Became a worshipper of Warmaster Okawaru
  2201 | D:3      | Found a white marble altar of Elyvilon.
  2210 | D:3      | Identified the +0 robe of the Wonderful God {rElec rC- rN+
                  | Regen+ SInv}
  2672 | D:3      | Reached skill level 1 in Evocations
  2672 | D:3      | Reached XP level 5. HP: 43/53 MP: 4/4
  2682 | D:4      | Noticed Grinder
  2799 | D:4      | Killed Grinder
  2800 | D:4      | Reached skill level 5 in Unarmed Combat
  2800 | D:4      | Reached XP level 6. HP: 59/62 MP: 5/5
  3639 | D:4      | Reached XP level 7. HP: 67/70 MP: 6/6
  4063 | D:5      | Entered Level 5 of the Dungeon
  4176 | D:5      | Reached skill level 6 in Unarmed Combat
  4342 | D:5      | Found a staircase to the Ecumenical Temple.
  4492 | D:6      | Found a runed translucent door.
  4493 | D:6      | Found a shimmering altar of Xom.
  4493 | D:6      | Noticed a +2 short sword of chaos
  4493 | D:6      | Noticed osoart's ghost (novice SpVM)
  4513 | D:6      | Reached * piety under Okawaru
  4659 | D:6      | Reached skill level 1 in Invocations
  4912 | D:6      | Reached XP level 8. HP: 57/79 MP: 8/8
  4916 | D:6      | Reached ** piety under Okawaru
  4917 | D:6      | Reached skill level 7 in Unarmed Combat
  5049 | D:6      | Found an ancient bone altar of Kikubaaqudgha.
  5049 | D:6      | Found a burning altar of Makhleb.
  5073 | D:6      | Identified the +2 chain mail "Edism" {*Slow Int+2 Dex+3}
  5747 | D:6      | Noticed Maggie
  5762 | D:6      | Killed Maggie
  5763 | D:6      | Reached skill level 5 in Fighting
  5763 | D:6      | Reached skill level 1 in Ranged Weapons
  5945 | D:7      | Reached XP level 9. HP: 88/88 MP: 8/11
  5980 | D:7      | Found a runed translucent door.
  5989 | D:7      | Reached skill level 8 in Unarmed Combat
  5997 | D:7      | Noticed an unseen horror
  5998 | D:7      | Noticed a troll
  6001 | D:7      | Noticed a gargoyle
  6326 | D:7      | Noticed a green ugly thing
  6337 | D:7      | Killed a green ugly thing
  6337 | D:7      | Reached *** piety under Okawaru
  6501 | D:7      | Reached skill level 5 in Invocations
  6526 | D:7      | Noticed a cyclops
  6541 | D:7      | Killed a cyclops
  6547 | D:7      | Found The Oracle's Delphic Readings.
  6552 | D:7      | Bought a scroll of noise for 12 gold pieces
  6552 | D:7      | Bought a scroll of teleportation for 36 gold pieces
  6592 | D:7      | Killed a gargoyle
  6700 | D:7      | Identified the amulet of the Centipede {rElec Regen+}
  6710 | D:7      | Identified the ring of Qeizuv {Fly rC+ Will+ Int-2}
  6714 | D:7      | Identified the ring "Coebeo Huarch" {rElec rPois rF- AC+4}
  6775 | D:7      | Identified the ring "Hafef" {rC+ Dex+4 Stlth+}
  6784 | D:7      | Reached skill level 9 in Unarmed Combat
  6840 | D:7      | Killed an unseen horror
  6841 | D:7      | Reached XP level 10. HP: 98/98 MP: 13/13
  6885 | D:7      | Found a blossoming altar of Fedhas.
  7306 | D:7      | Found a runed translucent door.
  7650 | D:7      | Found an opulent altar of Gozag.
  8016 | D:8      | Found a sparkling altar of Nemelex Xobeh.
  9023 | D:8      | Found a shimmering altar of Xom.
  9242 | D:8      | Reached skill level 1 in Throwing
  9512 | D:9      | Noticed a tengu warrior
  9805 | D:8      | HP: 2/98 [poisoned by a water moccasin]
  9806 | D:8      | Succumbed to a water moccasin's poison

Illustrated notes

Levels and vault maps discovered:
D:1:      dpeg_arrival_tiny_i, layout_loops_corners
D:2:      layout_basic
D:3:      layout_basic, mainiacjoe_overflow_catch_the_wave,
          grunt_decor_fettered, reono_crystal_passage, uniq_terence
D:4:      layout_basic, uniq_grinder
D:5:      layout_rooms, minmay_temple_entry_sparse_star
D:6:      minmay_clustersquares, layout_loops_ring,
          gammafunk_temple_overflow_pools, ebering_ghost_xom, uniq_maggie
D:7:      minmay_the_grid_triangle_9x9_recursive_2
          [minmay_the_grid_triangle_9x9_prize_special,
          minmay_the_grid_triangle_9x9_empty,
          minmay_the_grid_triangle_9x9_steps,
          minmay_the_grid_triangle_9x9_tough_junction], layout_layer_cave,
          mainiacjoe_overflow_swirl, kennysheep_another_room, chequers_garden,
          nicolae_nh_oracle_at_delphi
D:8:      cheibrodos_quashed, layout_loops_cross, nemelex_spade_bored_becter,
          mainiacjoe_overflow_catwalk, minmay_hedge_maze,
          kennysheep_generic_room_2
D:9:      layout_irregular_city, tso_metal_star, due_lair_maze_entry_diamond,
          serial_shops, nicolae_shop_back_alley_shop,
          hellmonk_guarded_unrand_lears

Skill      XL: |  1  2  3  4  5  6  7  8  9 10 |
---------------+-------------------------------+-----
Unarmed Combat | 3 4 5 6 7 9 |  9.7
Fighting       | 3 4 5 6 |  6.1
Evocations     | 1 2 3 4 |  4.6
Invocations    | 2 4 5 6 |  6.2
Ranged Weapons | 1 2 3 |  3.3
Throwing       | 1 |  1.4
Dodging        | |  2.4
Shields        | |  2.6

Action                     |  1- 3 |  4- 6 |  7- 9 | 10-12 || total
---------------------------+-------+-------+-------+-------++-------
  Melee: Unarmed           |   103 |    57 |   163 |    74 ||   397
         Punch             |       |       |     2 |     4 ||     6
   Fire: Sling             |    15 |     9 |       |       ||    24
         Orcbow            |       |    55 |   104 |    44 ||   203
  Throw: Dart              |     2 |     3 |    15 |       ||    20
         Large rock        |       |       |     4 |       ||     4
 Invoke: Heroism           |       |       |     6 |     7 ||    13
  Evoke: Wand              |       |       |       |     8 ||     8
    Use: Scroll            |     5 |     1 |     8 |     5 ||    19
         Potion            |       |       |     4 |       ||     4
   Stab: Paralysed         |       |       |       |     5 ||     5
         Sleeping          |       |       |       |     1 ||     1
 Armour: Robe              |    30 |    19 |    40 |    27 ||   116
         Skin              |       |       |     7 |       ||     7
  Dodge: Dodged            |    26 |    28 |   108 |   100 ||   262
  Block: Kite shield       |    35 |       |       |       ||    35

Table legend: (Time is in decaauts)
 A = Elapsed time spent in this place.
 B = Non-inter-level travel time spent in this place.
 C = Inter-level travel time spent in this place.
 D = Time resting spent in this place.
 E = Time spent auto-exploring this place.
 F = Levels seen in this place.
 G = Mean time per level.
                   A        B        C        D        E       F      G
               +--------+--------+--------+--------+--------+-----+--------+
         Total |   9877 |   9599 |    278 |   2478 |   5373 |   9 | 1097.4 |
       Dungeon |   9877 |   9599 |    278 |   2478 |   5373 |   9 | 1097.4 |
               +--------+--------+--------+--------+--------+-----+--------+

Top non-repeatable levels by time:
     D:8: 1967 daAuts
     D:7: 1908 daAuts
     D:6: 1406 daAuts
     D:4: 1388 daAuts
     D:3: 1103 daAuts
     D:2: 859 daAuts
     D:1: 794 daAuts
     D:5: 363 daAuts
     D:9: 87 daAuts
